 Dungeon Crawl Stone Soup version 0.26-a0-639-g72c4674329 (webtiles) character file.

Game seed: 13600828821022865979

70 Borgoz the Chopper (level 4, -5/60 HPs)
             Began as a Hill Orc Berserker on Sept 19, 2020.
             Was a Believer of Trog.
             Slain by Grinder (6 damage)
             ... on level 3 of the Dungeon.
             The game lasted 00:01:31 (2397 turns).

Borgoz the Chopper (Hill Orc Berserker)             Turns: 2397, Time: 00:01:31

Health: -5/60      AC:  3    Str: 19    XL:     4   Next: 22%
Magic:  4/4        EV: 12    Int:  7    God:    Trog [**....]
Gold:   112        SH:  0    Dex: 11    Spells: 3/3 levels left

rFire    . . .     SeeInvis .   a - +0 hand axe
rCold    . . .     Faith    .   (no shield)
rNeg     . . .     Spirit   .   b - +0 animal skin
rPois    .         Reflect  .   (no helmet)
rElec    .         Harm     .   p - +0 cloak
rCorr    .         Rampage  .   (no gloves)
MR       .....                  (no boots)
Stlth    ..........             (no amulet)
HPRegen  0.20/turn              (no ring)
MPRegen  0.09/turn              (no ring)

@: berserking (expiring), very quick
A: no striking features
a: Berserk, Trog's Hand, Renounce Religion


You were on level 3 of the Dungeon.
You worshipped Trog.
Trog was pleased with you.
You visited 1 branch of the dungeon, and saw 3 of its levels.

You collected 112 gold pieces.

Inventory:

Hand Weapons
 a - a +0 hand axe (weapon)
Armour
 b - a +0 animal skin (worn)
 p - a +0 cloak (worn)
Wands
 q - a wand of flame (18)
Scrolls
 c - a scroll of amnesia {unknown}
 e - a scroll of random uselessness {unknown}
 g - a scroll of magic mapping {unknown}
 h - a scroll of teleportation {unknown}
 l - a scroll of identify {unknown}
 m - 2 scrolls of remove curse {unknown}
 n - a scroll of blinking {unknown}
Potions
 d - 2 potions of lignification {unknown}
 f - a potion of resistance {unknown}
 i - 2 potions of flight {unknown}
 j - 2 potions of berserk rage {unknown}
 k - a potion of cancellation {unknown}
 o - a potion of haste {unknown}


   Skills:
 + Level 4.2 Fighting
 + Level 4.8 Axes
 + Level 3.1 Armour
 + Level 2.2 Dodging


You had 3 spell levels left.
You didn't know any spells.
Your spell library was empty.

Dungeon Overview and Level Annotations

Branches:
Dungeon (3/15)

Altars:
Cheibriados
The Shining One

Annotations:
D:3 Grinder


Message History

Grinder is severely wounded.
Grinder closely misses you. The jackal barely misses you.
You slash Grinder!
Grinder is almost dead.
You miss the jackal.
The jackal bites you but does no damage.
You closely miss Grinder.
Grinder is almost dead.
You slash the jackal!
You kill the jackal!
Trog accepts your kill. Grinder gestures at you. Pain shoots through your body!
* * * LOW HITPOINT WARNING * * *
You closely miss Grinder.
Grinder is almost dead.
Grinder hits you.
* * * LOW HITPOINT WARNING * * *
You writhe in agony.
You die...

.##.#.# #.# .##.#.#
#.# .##.#.# #.#
.##.#.###.# ######
.##.#.....######....#
....................+
..##############....#
.......# #....#
.#####.# #@...#
.##....# #......5..#
.##....# #.....?.###
###....# #.......#
#....# #.......#
#....# #....$..#
######'####.......#
.........##.......#
#........##


You could see Grinder.

Vanquished Creatures
  A hound skeleton (D:2)
  An adder (D:2)
  2 dart slugs (D:1)
  2 bats (D:1)
  2 giant cockroaches (D:1)
  8 goblins
  7 hobgoblins
  4 jackals (D:3)
  2 frilled lizards (D:2)
  8 kobolds
  7 rats
44 creatures vanquished.

Vanquished Creatures (others)
  A withered plant (D:3)
1 creature vanquished.

Grand Total: 45 creatures vanquished

Notes
Turn   | Place    | Note
-------+----------+-------------------------------------------
     0 | D:1      | Borgoz the Hill Orc Berserker began the quest for the Orb.
     0 | D:1      | Reached XP level 1. HP: 19/19 MP: 1/1
   166 | D:1      | Reached XP level 2. HP: 18/27 MP: 2/2
   677 | D:1      | Reached XP level 3. HP: 30/33 MP: 3/3
  1306 | D:2      | Found a glowing golden altar of the Shining One.
  1774 | D:2      | Reached XP level 4. HP: 36/40 MP: 4/4
  1898 | D:2      | Found a snail-covered altar of Cheibriados.
  2000 | D:2      | Reached ** piety under Trog
  2382 | D:3      | Noticed Grinder
  2397 | D:3      | HP: 1/60 [Grinder (4)]
  2397 | D:3      | Slain by Grinder

Illustrated notes

Levels and vault maps discovered:
D:1:      onia_arrival_mini_maze, layout_loops_ring
D:2:      layout_basic, nicolae_overflow_crystal_walls, cheibriados_altar_1
D:3:      layout_basic, grunt_temple_overflow_champion_of_chaos,
          kiku_gazebo_garden_becter, uniq_natasha, uniq_grinder

Skill      XL: |  1  2  3 |
---------------+----------+-----
Fighting       | 4 |  4.2
Dodging        | 2 |  2.2
Armour         | 3 |  3.1
Axes           | |  4.8

Action                   |  1- 3 |  4- 6 || total
-------------------------+-------+-------++-------
Melee: Hand axe          |   103 |    35 ||   138
Invok: Berserk           |       |     1 ||     1
 Stab: Sleeping          |       |     1 ||     1
Armor: Animal skin       |     9 |     6 ||    15
Dodge: Dodged            |    76 |    25 ||   101

Table legend: (Time is in decaauts)
 A = Elapsed time spent in this place.
 B = Non-inter-level travel time spent in this place.
 C = Inter-level travel time spent in this place.
 D = Time resting spent in this place.
 E = Time spent auto-exploring this place.
 F = Levels seen in this place.
 G = Mean time per level.
                   A        B        C        D        E       F      G
               +--------+--------+--------+--------+--------+-----+--------+
         Total |   2404 |   2266 |    138 |    332 |   1648 |   3 |  801.3 |
       Dungeon |   2404 |   2266 |    138 |    332 |   1648 |   3 |  801.3 |
               +--------+--------+--------+--------+--------+-----+--------+

Top non-repeatable levels by time:
     D:1: 1238 daAuts
     D:2: 1063 daAuts
     D:3: 102 daAuts
